 Dungeon Crawl Stone Soup version 0.30.1-4-g462c640d31 (webtiles) character file.

Game seed: 6951305453204145172

35378 spardeous the Severer (level 13, -2/114 HPs)
             Began as a Minotaur Berserker on Aug 21, 2023.
             Was a High Priest of Trog.
             Slain by a 13-headed hydra (8 damage)
             ... on level 2 of the Lair of Beasts.
             The game lasted 00:22:13 (12236 turns).

spardeous the Severer (Minotaur Berserker)         Turns: 12236, Time: 00:22:13

Health: -2/114     AC: 24    Str: 21    XL:     13   Next: 47%
Magic:  4/4        EV:  9    Int:  4    God:    Trog [*****.]
Gold:   224        SH: 15    Dex: 20    Spells: 12/12 levels left

rFire   + . .        W - +2 broad axe (antimagic)
rCold   + . .        B - +2 kite shield
rNeg    . . .        U - +5 plate armour of the Destroying Gods {rElec Regen+ Str-5 Dex+3}
rPois   .            (helmet unavailable)
rElec   +            k - scarf {rC+ rF+}
rCorr   +            D - +0 pair of gloves
SInv    .            p - +0 pair of boots {rampage}
Will    .....        e - amulet of regeneration Stlth
                     C - +4 ring of slaying
HPRegen 1.99/turn    Z - ring "Fuomiaz" {+Blink rElec rCorr Dex+6}
MPRegen 0.09/turn

%: rampage
@: on berserk cooldown
A: horns 3, retaliatory headbutt, fangs 1, mutation resistance 1
a: Renounce Religion, Evoke Blink, Berserk, Trog's Hand, Brothers in Arms


You were on level 2 of the Lair of Beasts.
You worshipped Trog.
Trog was extremely pleased with you.
You visited 2 branches of the dungeon, and saw 14 of its levels.

You collected 1373 gold pieces.
You spent 1149 gold pieces at shops.

Inventory:

Hand Weapons
 m - a +0 sling
 W - a +2 antimagic broad axe (weapon)
Missiles
 A - 4 curare-tipped darts
 J - 2 atropa-tipped darts (quivered)
 R - 5 throwing nets
Armour
 k - a scarf of resistance (worn)
 p - a +0 pair of boots of rampaging (worn)
 B - a +2 kite shield (worn)
 D - a +0 pair of gloves (worn)
 S - the +1 scale mail "Tulec" {rC+ rN+ MP+9}
   (You bought it in a shop on level 11 of the Dungeon)

   rC:        It protects you from cold.
   rN:        It protects you from negative energy.
   MP:        It affects your magic capacity (+9).
 U - the +5 plate armour of the Destroying Gods (worn) {rElec Regen+ Str-5 Dex+3}
   (You bought it in a shop on level 11 of the Dungeon)

   Str:       It affects your strength (-5).
   Dex:       It affects your dexterity (+3).
   rElec:     It insulates you from electricity.
   Regen:     It increases your rate of health regeneration.
Jewellery
 b - a ring of see invisible
 c - a ring of flight
 e - an amulet of regeneration (around neck)
 l - a ring of protection from cold
 q - a ring of ice
 x - the ring of Zoagrial {Wiz rN+}
   (You found it on level 4 of the Dungeon)

   [ring of wizardry]

   It improves your spell success rate.
   rN:        It protects you from negative energy.
 z - a +6 ring of intelligence
 C - a +4 ring of slaying (left hand)
 M - a ring of protection from fire
 Y - an amulet of reflection
 Z - the ring "Fuomiaz" (right hand) {+Blink rElec rCorr Dex+6}
   (You bought it in a shop on level 11 of the Dungeon)

   [ring of resist corrosion]

   Dex:       It affects your dexterity (+6).
   rElec:     It insulates you from electricity.
   +Blink:    It lets you blink.
   rCorr:     It protects you from acid and corrosion.
Wands
 f - a wand of polymorph (16)
 v - a wand of roots (6)
 G - a wand of paralysis (10)
 Q - a wand of mindburst (8)
Scrolls
 a - a scroll of amnesia {unknown}
 d - a scroll of immolation {unknown}
 h - 4 scrolls of fear
 i - 2 scrolls of fog
 n - 5 scrolls of enchant armour
 s - 3 scrolls of noise
 t - 3 scrolls of enchant weapon
 u - 8 scrolls of teleportation {unknown}
 y - a scroll of vulnerability
 E - 6 scrolls of magic mapping {unknown}
 L - a scroll of summoning
 V - 4 scrolls of blinking {unknown}
 X - 2 scrolls of identify
Potions
 g - 3 potions of flight {unknown}
 j - 5 potions of mutation
 o - 3 potions of cancellation
 r - 2 potions of resistance
 w - 3 potions of brilliance {unknown}
 F - 9 potions of curing
 H - 2 potions of magic {unknown}
 I - 2 potions of might {unknown}
 K - a potion of attraction {unknown}
 O - 3 potions of degeneration {unknown}
 P - a potion of berserk rage {unknown}
 T - 3 potions of lignification {unknown}


   Skills:
 - Level 10.5 Fighting
 - Level 18.5 Axes
 - Level 13.0 Armour
 + Level 5.6 Dodging
 - Level 12.1 Shields


You had 12 spell levels left.
You didn't know any spells.
Your spell library contained the following spells:

 Spells                   Type           Power      Damage    Failure   Level
 Cigotuvi's Dreadful Rot  Necr/Pois/Air  0%         N/A       100%        2
 Vampiric Draining        Necr           0%         2d6       100%        3
 Animate Dead             Necr           0%         N/A       100%        4
 Necromutation            Tmut/Necr      0%         N/A       100%        8


Dungeon Overview and Level Annotations

Branches:
Dungeon (12/15)            Temple (0/1) D:7            Lair (2/5) D:10
 Spider (0/4) Lair:2          Orc (0/2) D:11
  Swamp: Lair:2-3    Shoals: Lair:2-3

Altars:
Ashenzari
Cheibriados
Fedhas
Gozag
Hepliaklqana
Kikubaaqudgha
Makhleb
Nemelex Xobeh
Okawaru
Qazlal
Sif Muna
Trog
Xom
Zin

Shops:
D:2 (   D:11 *[(*   D:12 [


Innate Abilities, Weirdness & Mutations

You have a pair of large horns on your head.
You reflexively headbutt those who attack you in melee.
You have very sharp teeth.
You are somewhat resistant to further mutation.


Message History

You barely miss the 12-headed hydra. You headbutt the 12-headed hydra!
The 12-headed hydra is severely wounded.
The 12-headed hydra bites you but does no damage.
The 12-headed hydra bites you!
* * * LOW HITPOINT WARNING * * *
You block the 12-headed hydra's attack. The 12-headed hydra closely misses you.
You block the 12-headed hydra's attack. x4
The 12-headed hydra bites you but does no damage.
The 12-headed hydra bites you!
* * * LOW HITPOINT WARNING * * *
The 12-headed hydra closely misses you.
The 12-headed hydra bites you but does no damage.
You take 17 damage, and have 25/114 hp.
You lop one of the 12-headed hydra's heads off!
The 11-headed hydra grows two more!
You slash the 13-headed hydra! Your bite misses the 13-headed hydra.
The 13-headed hydra is severely wounded.
The 13-headed hydra bites you but does no damage.
The 13-headed hydra barely misses you.
The 13-headed hydra bites you but does no damage. x3
The 13-headed hydra bites you!
* * * LOW HITPOINT WARNING * * *
The 13-headed hydra bites you but does no damage.
You block the 13-headed hydra's attack. x2
The 13-headed hydra completely misses you.
The 13-headed hydra bites you.
* * * LOW HITPOINT WARNING * * *
The 13-headed hydra barely misses you. The 13-headed hydra bites you.
* * * LOW HITPOINT WARNING * * *
You take 17 damage, and have 8/114 hp.
Unknown command.
As you read the scroll of fear, it crumbles to dust.
You assume a fearsome visage.
The 13-headed hydra resists with almost no effort.
The 13-headed hydra bites you.
* * * LOW HITPOINT WARNING * * *
You block the 13-headed hydra's attack.
The 13-headed hydra bites you but does no damage.
The 13-headed hydra bites you!
You die...

♣♣♣♣ ♣♣♣♣♣
♣♣~..♣♣♣♣♣≈≈≈♣
§§§§§§§§♣≈≈≈≈♣
♣§D@♣≈~≈~♣
♣♣♣§♣~~≈~♣
♣.†≈~~~♣###
...##.♣
♣...~~~♣#.#
....#.♣
♣♣..~~...##
......♣
♣♣.♣~...#
P.....♣♣
♣♣♣♣.♣.#
.......♣ ♣♣♣.#
....#.# ♣..#


You could see a 13-headed hydra.

Vanquished Creatures
  Jorgrun (D:12)
  The ghost of Gorgoleon the Fencer, a journeyman MfGl of Okawaru (D:12)
  Josephine (D:12)
  Harold (Lair:2)
  2 catoblepae
  A hydra (Lair:2)
  2 centaur warriors (D:11)
  A boulder beetle (D:12)
  The ghost of Wuochyse the Thaumaturge, a journeyman DEHW of Sif Muna (Lair:1)
  Sonja (D:12)
  Pikel (D:7)
  A spectral hydra (Lair:1)
  A wolf spider (Lair:2)
  2 cyclopes
  A manticore (D:11)
  A black mamba (Lair:2)
  2 cane toads (Lair:2)
  A gargoyle (D:12)
  A rime drake (Lair:1)
  2 kobold demonologists
  10 komodo dragons
  Psyche (D:8)
  3 hornets
  3 trolls
  4 blink frogs (Lair:1)
  Prince Ribbit (D:6)
  A spectral black mamba (Lair:1)
  5 slime creatures
  A vampire (D:12)
  2 wyverns
  Sigmund (D:4)
  5 wraiths
  28 yaks
  2 basilisks
  3 steam dragons
  9 vampire mosquitoes
  3 acid dragons
  3 wargs (D:11)
  8 water moccasins
  Duvessa (D:4)
  2 swamp worms (Lair:2)
  2 black bears
  6 orc warriors
  4 ice beasts
  4 ogres
  A wolf (D:10)
  7 centaurs
  2 phantoms
  4 lemures (D:7)
  3 kobold brigands
  13 bullfrogs
  8 gnoll sergeants
  8 scorpions
  Dowan (D:4)
  14 wights
  11 killer bees (D:7)
  A dream sheep simulacrum (Lair:1)
  5 howler monkeys
  A torpor snail simulacrum (Lair:1)
  5 electric eels
  A komodo dragon simulacrum (Lair:1)
  4 jellies
  7 orc priests
  5 hounds (D:6)
  Crazy Yiuf (D:4)
  A gnoll bouda (D:6)
  3 sleepcaps
  Natasha (twice) (D:4)
  5 iguanas
  2 orc wizards
  34 gnolls
  11 adders
  A shadow imp (D:7)
  3 white imps
  4 ufetubi
  A worm (D:4)
  4 dart slugs
  30 orcs
  4 bats
  5 endoplasms
  A giant cockroach (D:4)
  3 goblins
  6 hobgoblins
  3 jackals (D:2)
  2 quokkas
  8 ball pythons
  4 frilled lizards
  18 kobolds
  3 rats
397 creatures vanquished.

Vanquished Creatures (collateral kills)
  Nessos (D:12)
1 creature vanquished.

Vanquished Creatures (others)
  A blink frog (Lair:1)
  An iguana (D:6)
  Natasha (D:4)
3 creatures vanquished.

Grand Total: 401 creatures vanquished

Notes
Turn   | Place    | Note
-------+----------+-------------------------------------------
     0 | D:1      | spardeous the Minotaur Berserker began the quest for the
                  | Orb.
     0 | D:1      | Reached XP level 1. HP: 19/19 MP: 0/0
   106 | D:1      | Reached skill level 4 in Axes
   106 | D:1      | Reached XP level 2. HP: 25/27 MP: 1/1
   499 | D:1      | Found a faded altar of an unknown god.
   872 | D:2      | Found a snail-covered altar of Cheibriados.
   928 | D:2      | Reached XP level 3. HP: 34/34 MP: 2/2
  1157 | D:2      | Reached ** piety under Trog
  1318 | D:2      | Found Oxaecehy's Weapon Emporium.
  2022 | D:4      | Killed Natasha
  2053 | D:4      | Reached skill level 5 in Fighting
  2053 | D:4      | Reached skill level 5 in Axes
  2053 | D:4      | Reached XP level 4. HP: 40/42 MP: 3/3
  2092 | D:4      | Found a sparkling altar of Nemelex Xobeh.
  2177 | D:4      | Identified the ring of Zoagrial {Wiz rN+}
  2203 | D:4      | Reached XP level 5. HP: 26/49 MP: 4/4
  2296 | D:4      | Noticed Duvessa
  2297 | D:4      | Noticed Sigmund
  2297 | D:4      | Noticed Dowan
  2298 | D:4      | Noticed Natasha
  2334 | D:4      | Gained mutation: You have a pair of large horns on your
                  | head. [potion of mutation]
  2334 | D:4      | Gained mutation: You are somewhat resistant to further
                  | mutation. [potion of mutation]
  2334 | D:4      | Gained mutation: You have very sharp teeth. [potion of
                  | mutation]
  2346 | D:4      | Killed Natasha
  2576 | D:4      | Found a stormy altar of Qazlal.
  2577 | D:4      | Noticed Natasha
  2587 | D:4      | Killed Natasha
  2588 | D:4      | Reached skill level 6 in Axes
  2591 | D:4      | Killed Duvessa
  2592 | D:4      | Reached XP level 6. HP: 55/58 MP: 5/5
  2607 | D:4      | Killed Dowan
  2666 | D:4      | Found a shimmering blue altar of Sif Muna.
  2694 | D:4      | Reached skill level 7 in Axes
  2739 | D:4      | Found an iron altar of Okawaru.
  2763 | D:4      | Reached XP level 7. HP: 54/66 MP: 6/6
  2870 | D:4      | Found a runed translucent door.
  2871 | D:4      | Noticed Crazy Yiuf
  2905 | D:4      | Found an iron altar of Okawaru.
  2907 | D:4      | Found a shimmering blue altar of Sif Muna.
  3036 | D:4      | Found a stormy altar of Qazlal.
  3385 | D:4      | Killed Sigmund
  3398 | D:4      | Found a sparkling altar of Nemelex Xobeh.
  3572 | D:4      | Killed Crazy Yiuf
  3610 | D:5      | Entered Level 5 of the Dungeon
  3622 | D:5      | Found a broken altar of Ashenzari.
  3684 | D:5      | Reached skill level 8 in Axes
  3795 | D:5      | Reached XP level 8. HP: 62/75 MP: 7/7
  3837 | D:5      | Reached skill level 9 in Axes
  3986 | D:5      | Reached *** piety under Trog
  4379 | D:6      | Reached skill level 10 in Fighting
  4379 | D:6      | Reached skill level 10 in Axes
  4510 | D:6      | Reached XP level 9. HP: 86/86 MP: 8/8
  4519 | D:6      | Reached skill level 1 in Shields
  4932 | D:6      | Noticed Prince Ribbit
  4951 | D:6      | Killed Prince Ribbit
  4952 | D:6      | Reached skill level 5 in Shields
  4972 | D:6      | Reached **** piety under Trog
  5042 | D:6      | Found a bloodstained altar of Trog.
  5096 | D:6      | Found a glowing silver altar of Zin.
  5096 | D:6      | Found a blossoming altar of Fedhas.
  5143 | D:6      | Found an opulent altar of Gozag.
  5552 | D:7      | Noticed Pikel
  5578 | D:7      | Killed Pikel
  5579 | D:7      | Reached skill level 10 in Shields
  5579 | D:7      | Reached XP level 10. HP: 86/94 MP: 9/9
  6142 | D:7      | Found a staircase to the Ecumenical Temple.
  6236 | D:8      | Found a shimmering altar of Xom.
  6239 | D:8      | Noticed Psyche
  6258 | D:8      | Killed Psyche
  6329 | D:8      | Reached ***** piety under Trog
  6363 | D:8      | Found an ancient bone altar of Kikubaaqudgha.
  6376 | D:8      | Reached skill level 11 in Axes
  6394 | D:8      | Reached skill level 12 in Axes
  6668 | D:9      | Noticed a sun demon
  6963 | D:9      | Reached skill level 13 in Axes
  7180 | D:9      | Found a burning altar of Makhleb.
  7262 | D:9      | Reached XP level 11. HP: 101/101 MP: 10/10
  7815 | D:10     | Entered Level 10 of the Dungeon
  7844 | D:10     | Found a staircase to the Lair.
  7859 | D:10     | Reached skill level 14 in Axes
  8088 | D:10     | Reached skill level 15 in Axes
  8388 | D:10     | Paralysed by a hornet for 3 turns
  8511 | D:10     | Received a gift from Trog
  8914 | D:10     | Found a hazy altar of Hepliaklqana.
  9368 | D:11     | Reached skill level 16 in Axes
  9463 | D:11     | Found Jyuranab's Antique Weapon Shop.
  9467 | D:11     | Found Esutofa's Antique Armour Emporium.
  9486 | D:11     | Bought a steaming scale mail for 324 gold pieces
  9486 | D:11     | Identified the +1 scale mail "Tulec" {rC+ rN+ MP+9} (You
                  | bought it in a shop on level 11 of the Dungeon)
  9488 | D:11     | Found a staircase to the Orcish Mines.
  9498 | D:11     | Noticed a centaur warrior
  9512 | D:11     | Killed a centaur warrior
  9716 | D:11     | Found Otos's Assorted Antiques.
  9724 | D:11     | Bought a faintly glowing plate armour for 700 gold pieces
  9724 | D:11     | Identified the +5 plate armour of the Destroying Gods
                  | {rElec Regen+ Str-5 Dex+3} (You bought it in a shop on
                  | level 11 of the Dungeon)
  9789 | D:11     | Reached skill level 17 in Axes
  9903 | D:11     | Found Ydel Orr's General Store.
  9909 | D:11     | Noticed a catoblepas
  9924 | D:11     | Killed a catoblepas
 10069 | D:12     | Noticed a centaur warrior
 10071 | D:12     | Noticed Josephine
 10089 | D:11     | Reached XP level 12. HP: 107/107 MP: 11/11
 10128 | D:11     | Killed a centaur warrior
 10173 | D:12     | Killed Josephine
 10174 | D:12     | Reached skill level 18 in Axes
 10184 | D:12     | Noticed Nessos
 10417 | Lair:1   | Entered Level 1 of the Lair of Beasts
 10438 | Lair:1   | Reached skill level 5 in Armour
 10440 | Lair:1   | Noticed a catoblepas
 10581 | D:10     | Killed a catoblepas
 10635 | Lair:1   | Received a gift from Trog
 10724 | Lair:1   | Found a runed translucent gate.
 10755 | Lair:1   | Found a runed translucent gate.
 10756 | Lair:1   | Found a runed translucent gate.
 10759 | Lair:1   | Noticed Wuochyse's ghost (journeyman DEHW)
 11002 | D:11     | Bought a clouded steel ring for 125 gold pieces
 11002 | D:11     | Identified the ring "Fuomiaz" {+Blink rElec rCorr Dex+6}
                  | (You bought it in a shop on level 11 of the Dungeon)
 11063 | D:12     | Killed Nessos
 11073 | D:12     | Reached skill level 10 in Armour
 11171 | D:12     | Noticed a boulder beetle
 11180 | D:12     | Killed a boulder beetle
 11364 | D:12     | Found a runed translucent gate.
 11364 | D:12     | Found a runed translucent gate.
 11364 | D:12     | Found a runed translucent gate.
 11365 | D:12     | Noticed Gorgoleon's ghost (journeyman MfGl)
 11403 | D:12     | Found Yxaivot's Armour Emporium.
 11458 | D:12     | Noticed Jorgrun
 11475 | D:12     | Killed Jorgrun
 11476 | D:12     | Reached XP level 13. HP: 112/114 MP: 4/12
 11536 | D:12     | Noticed Sonja
 11545 | D:12     | Killed Sonja
 11713 | D:12     | Killed Gorgoleon's ghost
 11829 | Lair:1   | Killed Wuochyse's ghost
 11835 | Lair:1   | Got the Discursus on Sickening Diablerie
 11976 | Lair:2   | Noticed Harold
 11989 | Lair:2   | Killed Harold
 12078 | Lair:2   | Found a hole to the Spider Nest.
 12204 | Lair:2   | Reached skill level 5 in Dodging
 12236 | Lair:2   | Slain by a 13-headed hydra

Illustrated notes

Levels and vault maps discovered:
D:1:      evilmike_arrival_crescent, layout_loops_ring,
          hellmonk_ecumenical_altar_heavens_door, amethyst_killhole
D:2:      layout_rooms, serial_shops, shop, basic_altar
D:3:      layout_rooms, kennysheep_generic_room_13
D:4:      layout_loops_ring, nemelex_spade_bored_becter,
          nicolae_qazlal_scattered_showers, okawaru_trees_2, lemuel_round_altar,
          uniq_duvessa, uniq_crazy_yiuf_cottage, uniq_sigmund, uniq_natasha
D:5:      layout_basic, overflow_temple_1_default, grunt_ministairs_13
D:6:      minmay_polygon_palace, layout_loops_ring,
          gammafunk_temple_overflow_elements, grunt_temple_overflow_open,
          uniq_prince_ribbit1
D:7:      cheibrodos_barr_body, layout_loops_ring,
          minmay_temple_entry_proselytizer, uniq_pikel
D:8:      layout_basic, mainiacjoe_overflow_boulevard, lemuel_crystal_altar,
          uniq_psyche
D:9:      layout_roguey, mainiacjoe_overflow_cross_hatched,
          nicolae_elevator_lobby_asterisk
D:10:     layout_basic, kennysheep_mini, due_lair_maze_entry_diamond
D:11:     layout_loops_cross, minmay_orc_entry_guard_dogs, serial_shops,
          kennysheep_mini_moat, nicolae_shop_tiny_statue_garden,
          nicolae_shop_crystal, nicolae_shop_peninsula
D:12:     layout_rooms, ebering_ghost_rock_garden, serial_shops,
          nicolae_shop_temple_entry_statues_fountains, minivault_10,
          hangedman_abyss_or_decor_stagger, minmay_crystal_water,
          minmay_microvault, uniq_jorgrun, uniq_josephine, uniq_nessos,
          uniq_sonja
Lair:1:   layout_misc_corridors, gammafunk_ghost_necromancy, beast_lair_carwin_4
Lair:2:   layout_misc_corridors, palyth_hydra_swamp_entry,
          spider_nest_entry_rubble, uniq_harold

Skill      XL: |  1  2  3  4  5  6  7  8  9 10 11 12 13 |
---------------+----------------------------------------+-----
Fighting       | 4 5 6 7 8 10 | 10.5
Axes           | 4 5 6 7 8 10 13 17 18 | 18.5
Shields        | 10 12 | 12.1
Armour         | 11 13 | 13.0
Dodging        | 5 |  5.6

Action                     |  1- 3 |  4- 6 |  7- 9 | 10-12 | 13-15 || total
---------------------------+-------+-------+-------+-------+-------++-------
  Melee: Hand axe          |   120 |    87 |   329 |   599 |       ||  1135
         Headbutt          |     6 |     8 |    70 |   145 |    33 ||   262
         Punch             |     1 |       |       |       |       ||     1
         Bite              |       |     2 |    38 |    87 |    16 ||   143
         Unarmed           |       |     2 |       |       |       ||     2
         Broad axe         |       |       |       |    64 |   108 ||   172
 Invoke: Berserk           |       |     2 |     4 |    13 |     3 ||    22
         Trog's Hand       |       |     1 |       |     1 |       ||     2
         Brothers in Arms  |       |       |       |     1 |       ||     1
    Use: Potion            |       |     3 |       |       |       ||     3
         Scroll            |       |       |     6 |     3 |     1 ||    10
   Stab: Petrified         |       |       |       |    13 |       ||    13
         Petrifying        |       |       |       |     3 |       ||     3
 Armour: Animal skin       |    11 |       |       |       |       ||    11
         Chain mail        |    46 |    42 |   117 |   149 |       ||   354
         Skin              |       |    27 |       |       |       ||    27
         Plate armour      |       |       |       |   127 |    69 ||   196
  Dodge: Dodged            |    62 |   107 |    92 |   167 |    32 ||   460
  Block: Kite shield       |       |       |   132 |   430 |    91 ||   653
